 Dungeon Crawl Stone Soup version 0.26.1-11-gd32895ea62 (webtiles) character file.

Game seed: 1588805716133258915

917 H0rd4k the Insei (level 8, -2/48 HPs)
             Began as an Octopode Transmuter on May 10, 2021.
             Slain by a bullfrog (6 damage)
             ... on level 8 of the Dungeon.
             The game lasted 00:05:46 (5994 turns).

H0rd4k the Insei (Octopode Transmuter)              Turns: 5994, Time: 00:05:47

Health: -2/48      AC:  2    Str:  9    XL:     8   Next: 9%
Magic:  20/22      EV: 21    Int: 18    God:
Gold:   370        SH:  5    Dex: 17    Spells: 7/13 levels left

rFire    . . .     SeeInvis .     - Unarmed
rCold    . . .     Faith    .   (shield currently unavailable)
rNeg     . . .     Spirit   .   (helmet currently unavailable)
rPois    .         Reflect  +   r - amulet of reflection
rElec    .         Harm     .   e - ring of magical power
rCorr    +         Rampage  .   i - ring of resist corrosion
Will     .....                  m - ring of poison resistance
Stlth    +++.......             (no ring)
HPRegen  0.16/turn              (no ring)
MPRegen  0.18/turn              (no ring)
                                (no ring)
                                (no ring)

@: spider-form
A: tiny, almost no armour, stealthy swim, (amphibious), 8 rings, (constrict 8)
a: End Transformation


You were on level 8 of the Dungeon.
You were a venomous arachnid creature.
You visited 1 branch of the dungeon, and saw 8 of its levels.

You collected 370 gold pieces.

Inventory:

Missiles
 o - 8 curare-tipped darts
 y - 19 poisoned darts
Jewellery
 e - a ring of magical power (left front leg)
 i - a ring of resist corrosion (right front leg)
 m - a ring of poison resistance (on tentacle)
 r - an amulet of reflection (around neck)
Wands
 j - a wand of random effects (17)
Scrolls
 a - 4 scrolls of teleportation
 c - a scroll of enchant weapon {unknown}
 d - 4 scrolls of identify {unknown}
 f - 3 scrolls of fog {unknown}
 h - 2 scrolls of amnesia {unknown}
 l - a scroll of blinking {unknown}
 n - a scroll of immolation {unknown}
 p - 3 scrolls of remove curse {unknown}
 s - a scroll of fear {unknown}
 u - a scroll of magic mapping {unknown}
Potions
 b - a potion of haste
 g - 4 potions of brilliance
 k - a potion of berserk rage {unknown}
 q - 2 potions of flight
 t - a potion of mutation {unknown}
 v - 2 potions of degeneration {unknown}
 w - a potion of resistance {unknown}
 x - a potion of might
 z - a potion of lignification {unknown}


   Skills:
 + Level 1.3 Fighting
 + Level 3.5 Dodging
 + Level 3.5 Stealth
 + Level 0.5 Shields
 + Level 6.1 Unarmed Combat
 * Level 3.3 Spellcasting
 * Level 4.1 Transmutations
 * Level 3.2 Poison Magic


You had 7 spell levels left.
You knew the following spells:

 Your Spells              Type           Power        Failure   Level
a - Beastly Appendage     Tmut           36%          10%         1
b - Spider Form           Tmut/Pois      8%           26%         3
c - Blink                 Tloc           N/A          45%         2

Your spell library contained the following spells:

 Spells                   Type           Power        Failure   Level
 Wereblood                Tmut           18%          13%         2
 Magic Dart               Conj           12%          34%         1
 Call Imp                 Summ           3%           45%         2
 Slow                     Hex            3%           45%         2
 Mephitic Cloud           Conj/Pois/Air  6%           52%         3
 Conjure Flame            Conj/Fire      3%           65%         3
 Ice Form                 Ice/Tmut       10%          75%         4
 Blade Hands              Tmut           9%           80%         5


Dungeon Overview and Level Annotations

Branches:
Dungeon (8/15)
 Temple: D:4-7         Lair: D:8-11

Altars:
Ashenzari
Hepliaklqana

Shops:
D:5 *

Annotations:
D:3 1 runed translucent door, exclusion: door, DearestLeader's ghost, amateur DsAK


Innate Abilities, Weirdness & Mutations

You cannot wear most types of armour.
You are very stealthy in the water. (Stealth+)
((You are amphibious.))
You can wear up to eight rings at the same time.
((You can use your tentacles to constrict eight enemies at once.))
((Your skin changes colour to match your surroundings (Stealth+).))
((Your rubbery body absorbs attacks. (AC +1, EV +1)))


Message History

You kill the hound!
Casting: Spider Form (dangerous; 11% risk of failure)
Confirm with . or Enter, or press ? or * to list all spells.
You turn into a venomous arachnid creature.
You completely miss the ogre.
The ogre hits you with a +0 giant spiked club!!
Ouch! That really hurt!
* * * LOW HITPOINT WARNING * * *
Found 11 gold pieces.
There is a stone staircase leading down here.
You climb downwards.
A bullfrog and an orc come into view.
Found a leather armour.
Found a stone staircase leading down.
There is a stone staircase leading up here.
The helpless bullfrog fails to defend itself.
You hit the bullfrog.
The bullfrog is poisoned.
The bullfrog is lightly wounded.
The bullfrog releases a deep croak.
The bullfrog hits you.
You die...

#.# # #.#
#.#.# #.#.#
#.#.#
#..[#######
#.#........o.
#....s...#
##..#.F..# #.
#....# #
.....# #....#
#..>.# #....#
#....#


You could see a bullfrog (very poisoned) and an orc (asleep).

Vanquished Creatures
  Sigmund (D:3)
  A sky beast (D:5)
  2 ice beasts (D:5)
  A bullfrog zombie (D:5)
  A hound (D:7)
  3 orc wizards
  2 orc priests (D:4)
  An iguana (D:4)
  A worker ant (D:4)
  A killer bee zombie (D:5)
  A hound skeleton (D:5)
  Robin (D:2)
  4 gnolls (D:5)
  2 adders
  An ufetubus (D:4)
  3 oozes
  An adder skeleton (D:5)
  A worm (D:2)
  2 dart slugs
  5 leopard geckos
  19 orcs
  8 bats
  7 giant cockroaches
  7 goblins
  5 hobgoblins
  2 jackals (D:4)
  2 quokkas
  5 frilled lizards
  6 kobolds
  A leopard gecko zombie (D:5)
  6 rats (D:1)
103 creatures vanquished.

Notes
Turn   | Place    | Note
-------+----------+-------------------------------------------
     0 | D:1      | H0rd4k the Octopode Transmuter began the quest for the Orb.
     0 | D:1      | Reached XP level 1. HP: 13/13 MP: 3/3
   288 | D:1      | Reached XP level 2. HP: 18/18 MP: 5/5
  1108 | D:2      | Noticed Robin
  1121 | D:2      | Reached XP level 3. HP: 14/23 MP: 6/6
  1305 | D:2      | Killed Robin
  1306 | D:2      | Reached skill level 4 in Unarmed Combat
  1712 | D:2      | Reached skill level 1 in Stealth
  1712 | D:2      | Reached XP level 4. HP: 25/28 MP: 7/7
  2583 | D:2      | Learned a level 3 spell: Spider Form
  2788 | D:3      | Noticed Sigmund
  2807 | D:3      | Killed Sigmund
  2808 | D:3      | Reached skill level 5 in Unarmed Combat
  2808 | D:3      | Reached skill level 1 in Poison Magic
  2808 | D:3      | Reached XP level 5. HP: 33/33 MP: 8/8
  2808 | D:3      | Reached XP level 6. HP: 38/38 MP: 9/9
  3057 | D:3      | Found a runed translucent door.
  3058 | D:3      | Noticed DearestLeader's ghost (amateur DsAK)
  4354 | D:5      | Entered Level 5 of the Dungeon
  4358 | D:5      | Reached XP level 7. HP: 43/43 MP: 11/11
  4838 | D:5      | Learned a level 2 spell: Blink
  5045 | D:5      | Found Ufor's Assorted Antiques.
  5132 | D:5      | Found a hazy altar of Hepliaklqana.
  5487 | D:5      | Found a broken altar of Ashenzari.
  5554 | D:5      | Reached skill level 6 in Unarmed Combat
  5554 | D:5      | Reached XP level 8. HP: 10/48 MP: 13/13
  5979 | D:6      | You fall into a shaft and drop 1 floor!
  5994 | D:8      | Slain by a bullfrog

Illustrated notes

Levels and vault maps discovered:
D:1:      sevenhm_arrival_forest_fort_small_6, layout_loops_ring,
          minmay_door_square
D:2:      layout_basic, uniq_robin
D:3:      layout_basic, ebering_ghost_reflecting_pool, uniq_sigmund
D:4:      layout_cave_pools
D:5:      layout_basic, kennysheep_little_box, old_standard_altar, serial_shops,
          nicolae_shop_overgrown_old_shop
D:6:      layout_rooms, serial_undead, serial_undead_a, serial_undead_e,
          serial_undead_a, serial_undead_e, nemelex_xobeh_ov_fountains_minmay,
          uniq_edmund, uniq_eustachio
D:7:      layout_cave_pools, nicolae_overflow_crystal_walls,
          gammafunk_temple_overflow_claw, minmay_temple_entry_fiery,
          hangedman_decor_slide_cut
D:8:      layout_rooms, nicolae_qazlal_general_emergency, marbit_many_paths,
          elyvilon_altar_5

Skill      XL: |  1  2  3  4  5  6  7 |
---------------+----------------------+-----
Unarmed Combat | 4 5 6 |  6.1
Stealth        | 1 2 3 |  3.5
Poison Magic   | 1 2 3 |  3.2
Transmutations | 3 4 |  4.1
Dodging        | 3 |  3.5
Spellcasting   | 3 |  3.3
Fighting       | |  1.3
Shields        | |  0.5

Action                   |  1- 3 |  4- 6 |  7- 9 || total
-------------------------+-------+-------+-------++-------
Melee: Unarmed           |    69 |   125 |   101 ||   295
       Tentacles         |    13 |    21 |     5 ||    39
       Constrict         |    15 |    24 |    12 ||    51
       Punch             |     1 |     1 |     1 ||     3
 Cast: Spider Form       |       |     5 |     7 ||    12
Evoke: Wand              |       |       |     1 ||     1
  Use: Potion            |       |       |     4 ||     4
       Scroll            |       |       |     1 ||     1
 Stab: Sleeping          |     4 |    10 |     1 ||    15
Armor: Skin              |     3 |    15 |     3 ||    21
Dodge: Dodged            |    35 |    93 |    70 ||   198
Block: Other             |       |       |    22 ||    22
